AoeStats
← Tatycomendo

Black Forest

513282146Analyzed
2v2 RM · 6d ago on Oct 12, 2026· 66m 54s· 4 players
Game mode
Random Map
Map size
Medium (4 player)
Population
200
Speed
Normal
Resources
Standard
Victory
Conquest
Starting age
Dark Age
Ending age
Imperial Age
RankedLock teamsTeams togetherTeam positionsShared explorationLock speedFull tech treeHidden civsTurbo modeCheats
Victory
Defeat
593
+18
🇧🇷 Khmer · Brazil
583
+18
vs
🇺🇸 Teutons · United States
631
-18
🇲🇽 Wei · Mexico
622
-18
=p | Kabrito Lixerooo
0:49 Loom
13:55 Feudal Age
21:26 Castle Age
21:51 Horse Collar
24:35 Heavy Plow
28:37 Wheelbarrow
29:23 Caravan
29:59 Hand Cart
33:56 Imperial Age
31:21 Town Watch
32:32 Forging
32:28 Scale Barding Armor
32:13 Fletching
32:32 Town Patrol
37:21 Iron Casting
37:07 Chain Barding Armor
36:43 Bodkin Arrow
39:46 Blast Furnace
39:21 Plate Barding Armor
38:54 Bracer
40:12 Gold Mining
40:16 Double-Bit Axe
40:19 Elite Konnik
42:18 Crop Rotation
42:26 Conscription
42:04 Stirrups
43:20 Bow Saw
47:28 Gold Shaft Mining
46:47 Stone Mining
49:14 Stone Shaft Mining
49:33 Scale Mail Armor
52:41 Ballistics
52:16 Murder Holes
54:53 Arson
55:09 Squires
54:55 Gambesons
60:28 Husbandry
60:39 Bloodlines
Tatycomendo
0:47 Loom
17:45 Feudal Age
18:21 Double-Bit Axe
18:21 Horse Collar
18:03 Man-at-Arms
19:50 Gold Mining
19:50 Stone Mining
21:58 Town Watch
22:49 Wheelbarrow
22:27 Scale Barding Armor
22:22 Scale Mail Armor
22:24 Padded Archer Armor
23:27 Forging
23:08 Fletching
27:53 Castle Age
27:51 Arson
28:19 Bloodlines
29:44 Bow Saw
29:38 Heavy Plow
29:00 Pikeman
29:01 Long Swordsman
29:05 Light Cavalry
32:44 Fortified Wall
35:02 Caravan
35:33 Coinage
36:22 Hand Cart
36:09 Town Patrol
39:30 Imperial Age
38:06 Gold Shaft Mining
38:10 Stone Shaft Mining
39:14 Tusk Swords
39:37 Chain Barding Armor
39:33 Chain Mail Armor
39:53 Iron Casting
39:13 Bodkin Arrow
39:34 Leather Archer Armor
39:24 Husbandry
38:49 Crossbowman
38:49 Elite Skirmisher
40:55 Banking
39:51 Arbalester
40:54 Two-Handed Swordsman
40:54 Halberdier
41:54 Murder Holes
41:50 Heated Shot
42:21 Ballistics
43:01 Chemistry
41:54 Hussar
43:37 Elite Ballista Elephant
47:17 Crop Rotation
47:23 Ring Archer Armor
46:53 Bracer
47:54 Blast Furnace
51:31 Double Crossbow
58:56 Cavalier
61:38 Plate Barding Armor
61:46 Hoardings
60:42 Sappers
61:32 Conscription
Gracious__Buds
0:34 Loom
13:00 Feudal Age
14:37 Wheelbarrow
13:48 Horse Collar
14:16 Gold Mining
14:58 Double-Bit Axe
22:04 Castle Age
21:01 Stone Mining
23:00 Hand Cart
22:49 Heavy Plow
23:14 Bow Saw
26:58 Fletching
30:14 Ballistics
30:31 Coinage
34:23 Imperial Age
32:39 Bodkin Arrow
33:17 Ironclad
33:05 Scale Mail Armor
33:16 Forging
35:30 Crenellations
35:56 Crop Rotation
36:37 Conscription
38:19 Chemistry
37:33 Man-at-Arms
37:59 Gambesons
38:14 Squires
39:52 Stone Shaft Mining
38:43 Long Swordsman
39:22 Arrowslits
39:39 Two-Handed Swordsman
41:49 Arson
42:46 Chain Mail Armor
42:47 Champion
44:36 Hoardings
46:24 Plate Mail Armor
46:30 Iron Casting
45:22 Elite Teutonic Knight
51:38 Blast Furnace
55:04 Onager
56:32 Siege Onager
59:36 Pikeman
60:57 Halberdier
Mendez_AxS
1:32 Loom
11:10 Feudal Age
13:04 Wheelbarrow
12:18 Double-Bit Axe
12:28 Horse Collar
14:22 Gold Mining
15:29 Stone Mining
22:13 Castle Age
23:49 Gold Shaft Mining
23:16 Heavy Plow
24:06 Hand Cart
25:07 Town Watch
26:38 Stone Shaft Mining
26:22 Bow Saw
25:49 Pikeman
27:39 Fletching
27:49 Padded Archer Armor
27:55 Scale Barding Armor
29:07 Town Patrol
30:06 Fortified Wall
33:22 Imperial Age
32:45 Chain Barding Armor
32:21 Bodkin Arrow
32:41 Leather Archer Armor
32:59 Ballistics
34:38 Crop Rotation
34:21 Bracer
34:31 Husbandry
34:44 Bloodlines
33:57 Light Cavalry
36:18 Ring Archer Armor
37:47 Conscription
37:55 Ming Guang Armor
37:34 Tuntian
36:57 Elite Tiger Cavalry
37:54 Forging
37:45 Scale Mail Armor
37:45 Elite Skirmisher
38:51 Parthian Tactics
38:08 Halberdier
38:49 Squires
38:35 Arson
38:17 Heavy Hei Guang Cavalry
40:02 Iron Casting
39:43 Chain Mail Armor
44:32 Blast Furnace
47:19 Hoardings
47:49 Chemistry
46:45 Murder Holes
47:09 Masonry
54:26 Onager
Connection lost

Rejoining the realm…

Still unreachable

The connection could not be restored.

Session expired

The server has moved on; the page needs a fresh start.